Map: Sanctuary III LE

Players

RipNHammer

  • Race: Terran Terran
  • League: Master
  • Spawn Location: 1:00

MrCesander - Winner!

  • Race: Protoss Protoss
  • League: Grandmaster
  • Spawn Location: 7:00

VOD

Have the link to the VOD?

Description

Time

  • Played on: Sept. 6, 2026, 2:37 p.m.
  • Length: 24:59
Show
View Real Time Build Order
Export as new Build Order

RipNHammer Terran 

Build Orders: Reaper Expand 

Get SALT Encoding   

  8  0:00  SCV  
  9  0:12  SCV  
  10  0:24  SCV  
  11  0:37  SCV  
  11  0:39  Supply Depot  
  12  0:49  SCV  
  13  1:01  SCV  
  13  1:02  Barracks  
  14  1:08  Refinery  
  14  1:13  SCV  
  15  1:25  SCV  
  16  1:37  SCV  
  17  1:50  Orbital Command  
  17  1:52  Reaper  
  18  2:08  Command Center  
  18  2:17  SCV  
  19  2:27  Supply Depot  
  19  2:31  SCV  
  19  2:36  Barracks Reactor  
  20  2:43  Barracks  
  20  2:48  SCV  
  21  2:59  Barracks  
  21  3:00  SCV  
  22  3:12  SCV  
  22  3:13  Marine x2  
  24  3:21  Orbital Command  
  24  3:28  Bunker  
  24  3:30  Barracks Tech Lab  
  24  3:33  Marine  
  24  3:37  SCV  
  24  3:40  Marine  
  26  3:47  Barracks Tech Lab  
  26  3:49  Combat Shield  
  26  3:59  SCV  
  26  4:00  SCV  
  26  4:01  Marine x2  
  26  4:02  Marine  
  31  4:08  Marine  
  32  4:11  Stimpack, SCV  
  32  4:15  SCV  
  34  4:18  Supply Depot, Marine  
  34  4:23  SCV  
  36  4:29  Marine x2, Marauder  
  36  4:30  SCV  
  41  4:34  Supply Depot  
  41  4:41  Marine, SCV  
  43  4:47  Marauder  
  43  4:49  SCV  
  43  4:51  Marine, Marauder  
  49  4:54  SCV  
  49  4:57  Supply Depot  
  50  5:01  SCV, Marine  
  50  5:06  SCV  
  50  5:07  Engineering Bay  
  53  5:13  Concussive Shells, SCV  
  54  5:15  Marauder  
  54  5:18  SCV  
  54  5:19  Marauder  
  59  5:25  Supply Depot, SCV  
  59  5:26  Marine x2  
  62  5:30  SCV  
  63  5:36  Marauder  
  63  5:37  SCV  
  66  5:45  Terran Infantry Weapons Level 1, Supply Depot  
  66  5:47  Marine, SCV  
  66  5:49  Marine  
  69  5:50  SCV, Marine  
  69  5:56  Refinery  
  71  5:59  SCV, Missile Turret  
  71  6:02  Refinery  
  71  6:03  Refinery  
  72  6:05  Missile Turret  
  72  6:06  SCV  
  72  6:10  Supply Depot  
  73  6:11  SCV  
  73  6:12  Marine, Marauder  
  77  6:18  SCV  
  77  6:23  SCV  
  79  6:30  Factory, SCV  
  79  6:36  Marine x2, Marauder  
  79  6:37  Marauder  
  79  6:39  SCV  
  86  6:43  SCV  
  87  6:49  Command Center  
  87  6:57  SCV x2  
  87  7:00  Barracks  
  89  7:04  Marine  
  90  7:09  Supply Depot  
  90  7:12  SCV, Marauder  
  93  7:15  Factory Reactor  
  93  7:16  Starport  
  93  7:20  Marine, Marauder  
  95  7:24  SCV x2  
  85  7:38  Marine x2  
  85  7:42  Marauder, SCV  
  85  7:43  SCV  
  91  7:45  Starport  
  91  7:46  Terran Infantry Armor Level 1  
  91  7:50  Barracks Reactor  
  91  7:55  SCV x2  
  91  7:59  Engineering Bay  
  91  8:00  Armory  
  91  8:02  Missile Turret  
  91  8:03  Marine, Marauder  
  91  8:04  Barracks Reactor  
  94  8:05  Medivac x2  
  94  8:07  SCV x2  
  94  8:08  Orbital Command  
  94  8:10  Barracks  
  100  8:17  Marine  
  100  8:18  Siege Tank  
  104  8:21  Marine  
  104  8:25  Marauder  
  107  8:30  Starport Reactor  
  107  8:32  SCV x2  
  109  8:34  Marine  
  109  8:39  Marine  
  74  8:41  Viking  
  101  8:44  SCV  
  101  8:46  Marauder  
  101  8:48  Supply Depot  
  102  8:49  Supply Depot  
  102  8:51  Marine x2  
  102  8:52  Marine x2  
  106  8:57  Viking  
  106  8:58  Marine x2  
  106  9:00  Supply Depot  
  110  9:08  Viking  
  110  9:09  Viking  
  114  9:10  Marine x2  
  116  9:17  Viking  
  116  9:19  SCV  
  116  9:22  Supply Depot  
  116  9:24  Barracks Tech Lab, Barracks  
  81  9:31  Viking  
  117  9:32  SCV  
  117  9:33  Supply Depot  
  117  9:34  Terran Infantry Weapons Level 2  
  120  9:39  Marine x6  
  126  9:46  Supply Depot, Viking  
  126  9:48  Viking  
  126  9:51  Marauder  
  126  9:52  Marine  
  133  9:55  Missile Turret  
  133  9:56  Marine  
  133  9:59  Marine x3  
  136  10:01  SCV  
  136  10:06  Supply Depot  
  138  10:10  Marauder, Terran Infantry Armor Level 2  
  140  10:21  SCV  
  140  10:22  SCV, Marine x3, Marauder  
  140  10:23  Medivac  
  140  10:27  Orbital Command  
  149  10:31  Missile Turret  
  149  10:34  Marine  
  149  10:35  Marauder, Barracks Tech Lab  
  152  10:37  Missile Turret, Ghost Academy  
  152  10:46  Marine x2  
  152  10:47  Marauder, Medivac, Viking  
  159  10:53  Marine  
  159  10:54  SCV x2  
  159  10:56  Marauder  
  156  10:58  Marine  
  156  10:59  Marine, Marauder  
  156  11:00  SCV  
  159  11:12  Marine x3  
  159  11:13  Marauder  
  159  11:14  Medivac, Liberator  
  159  11:15  SCV  
  170  11:24  Marine x2  
  170  11:25  Marine, Marauder  
  136  11:41  Marine x2  
  136  11:42  Marauder  
  136  11:45  Marine x2, Marauder  
  113  11:54  Marine, Marauder  
  113  11:56  Terran Infantry Weapons Level 3  
  113  11:57  Marine  
  113  11:59  Marine x2  
  109  12:03  Marauder  
  109  12:07  Marauder  
  113  12:11  Marine x2  
  113  12:12  Marine, Orbital Command  
  116  12:15  Liberator  
  116  12:16  Marauder  
  121  12:25  Marauder  
  121  12:26  Widow Mine, Drilling Claws  
  121  12:27  SCV  
  126  12:36  Marine x2, Marauder  
  130  12:42  Marine x2  
  130  12:43  Marauder  
  131  12:47  SCV x3  
  126  12:53  Marine  
  126  12:54  Marauder  
  126  12:59  SCV x3  
  129  13:10  Marine  
  129  13:11  Widow Mine, Marauder  
  134  13:16  Marauder  
  132  13:25  Marine  
  132  13:26  Marauder  
  133  13:29  Marine x2  
  133  13:31  SCV  
  133  13:33  Marauder  
  138  13:38  Widow Mine  
  140  13:45  Medivac  
  140  13:46  Liberator  
  140  13:47  SCV  
  146  13:56  Command Center  
  146  13:59  Missile Turret  
  146  14:03  Marine x2  
  146  14:04  Marine x2, Marauder x3  
  156  14:10  Supply Depot  
  156  14:11  Missile Turret  
  156  14:12  Supply Depot  
  156  14:13  Refinery  
  156  14:22  Supply Depot  
  156  14:23  SCV  
  157  14:25  SCV, Refinery  
  157  14:27  Supply Depot  
  157  14:30  Marine  
  157  14:31  Marine x2, Ghost, Marauder  
  162  14:37  Medivac  
  167  14:43  Terran Infantry Armor Level 3  
  167  14:48  Ghost, Marine x2  
  173  14:53  Marauder, SCV x2  
  175  15:00  Ghost  
  175  15:02  Sensor Tower  
  175  15:03  Missile Turret  
  175  15:06  Marine  
  180  15:14  Marauder  
  180  15:16  Widow Mine, Liberator  
  184  15:25  Refinery  
  184  15:26  Liberator, Refinery  
  184  15:27  Medivac  
  189  15:31  Fusion Core  
  189  15:45  Command Center  
  189  15:55  SCV  
  190  15:57  Planetary Fortress  
  190  16:02  Supply Depot, Liberator  
  193  16:04  SCV  
  193  16:06  Terran Ship Weapons Level 1  
  193  16:09  Missile Turret  
  193  16:10  Widow Mine  
  196  16:15  Marine x2  
  196  16:16  Marauder  
  200  16:31  Widow Mine  
  198  16:55  Caduceus Reactor  
  170  17:08  Missile Turret  
  170  17:09  Viking x2  
  170  17:10  Marine, Marauder  
  170  17:12  Starport  
  170  17:15  SCV  
  178  17:22  Sensor Tower  
  178  17:30  Ghost x2  
  178  17:32  Liberator  
  178  17:33  Viking  
  187  17:40  Planetary Fortress, Sensor Tower  
  187  17:47  Command Center  
  187  17:51  Starport Reactor, Viking  
  187  17:52  Advanced Ballistics  
  187  17:53  Ghost  
  187  17:54  Command Center  
  190  18:10  Missile Turret  
  190  18:13  Missile Turret  
  190  18:14  Viking x2  
  190  18:15  Viking  
  194  18:36  Viking x2  
  194  18:37  Terran Ship Weapons Level 2  
  198  18:45  Missile Turret  
  198  18:46  Ghost Academy  
  198  18:47  Ghost Academy  
  198  18:48  Neosteel Armor, Hi-Sec Auto Tracking  
  198  18:52  Personal Cloaking  
  198  19:19  Viking  
  189  19:58  Marine x3  
  189  19:59  Marauder x2  
  128  20:18  Nuke  
  128  20:19  Marine  
  128  20:20  Marine, Marauder  
  132  20:21  Liberator  
  132  20:22  Liberator x2, Viking x2  
  145  20:28  Marine x2  
  145  20:29  Marine x2, Marauder x2  
  145  20:31  Widow Mine  
  155  20:37  Marine  
  155  20:41  Ghost  
  158  20:43  Nuke x2  
  158  20:46  Marine  
  158  20:49  Ghost  
  159  20:50  Refinery, Marauder  
  159  20:52  Widow Mine  
  159  20:54  Refinery  
  163  20:57  Missile Turret  
  163  21:08  Liberator x2  
  163  21:09  Ghost  
  163  21:11  Ghost  
  171  21:14  Widow Mine  
  171  21:18  Ghost  
  175  21:23  Missile Turret  
  175  21:25  Missile Turret x2, Sensor Tower, Marine  
  168  21:35  Widow Mine  
  168  21:38  Ghost  
  168  21:39  Ghost  
  169  21:43  Marine  
  169  21:44  Marine, Viking  
  169  21:45  Viking  
  171  21:47  Marauder  
  171  21:52  Marine x4  
  168  21:56  SCV  
  169  22:07  Marauder  
  171  22:10  Marine x2, Ghost  
  171  22:11  Marauder  
  177  22:19  Marine x2  
  177  22:20  Liberator  
  182  22:28  Marauder  
  160  23:01  Marine x3, Ghost  
  160  23:02  Marauder x2, Medivac  
  169  23:07  Refinery x2  
  155  23:20  Marine  
  155  23:22  Ghost  
  155  23:23  Marauder  
  155  23:24  Viking x2  
  135  23:34  SCV  
  134  23:37  Marine x2  
  134  23:38  Marauder  
  138  23:44  Ghost  
  62  24:35  Marine x5  
Show
View Real Time Build Order
Export as new Build Order

MrCesander Protoss - Winner!

Build Orders:  

Get SALT Encoding   

  8  0:00  Probe  
  9  0:12  Probe (Chrono Boost)  
  11  0:23  Probe (Chrono Boost)  
  11  0:27  Probe (Chrono Boost)  
  11  0:34  Pylon  
  12  0:38  Probe  
  13  0:52  Probe  
  13  0:57  Gateway  
  14  1:04  Probe (Chrono Boost)  
  15  1:11  Assimilator  
  15  1:13  Probe (Chrono Boost)  
  16  1:18  Probe (Chrono Boost)  
  17  1:47  Nexus  
  17  1:58  Cybernetics Core  
  17  2:02  Probe  
  18  2:11  Pylon  
  18  2:16  Probe  
  19  2:26  Assimilator  
  19  2:28  Probe  
  20  2:33  Stalker (Chrono Boost)  
  22  2:40  Probe  
  22  2:41  Warp Gate  
  23  2:52  Probe  
  24  3:00  Probe  
  24  3:04  Probe (Chrono Boost)  
  25  3:12  Probe (Chrono Boost)  
  25  3:16  Probe (Chrono Boost)  
  26  3:20  Sentry  
  26  3:24  Probe (Chrono Boost), Pylon  
  26  3:25  Probe (Chrono Boost)  
  30  3:28  Probe (Chrono Boost)  
  30  3:31  Probe  
  32  3:35  Twilight Council  
  32  3:38  Probe  
  33  3:43  Probe  
  33  3:47  Gateway  
  34  3:52  Probe  
  34  3:55  Probe  
  36  4:02  Stalker  
  38  4:04  Probe  
  38  4:07  Probe  
  40  4:12  Blink  
  40  4:16  Probe  
  41  4:19  Probe  
  41  4:21  Pylon  
  42  4:28  Probe (Chrono Boost)  
  41  4:31  Probe (Chrono Boost)  
  41  4:34  Assimilator  
  42  4:39  Assimilator  
  42  4:40  Forge  
  42  4:41  Sentry  
  42  4:43  Probe (Chrono Boost)  
  46  4:46  Stalker, Probe (Chrono Boost)  
  46  4:50  Probe (Chrono Boost)  
  50  4:53  Pylon, Probe (Chrono Boost)  
  50  4:57  Probe  
  50  4:59  Robotics Facility  
  51  5:04  Probe  
  52  5:09  Protoss Ground Weapons Level 1 (Chrono Boost), Probe  
  52  5:10  Stalker  
  52  5:13  Pylon  
  55  5:17  Probe  
  56  5:22  Probe, Gateway  
  56  5:25  Pylon  
  57  5:29  Probe  
  57  5:30  Stalker  
  57  5:33  Sentry  
  63  5:35  Probe  
  63  5:40  Pylon  
  63  5:41  Probe  
  64  5:44  Stalker  
  66  5:51  Robotics Bay  
  66  5:52  Observer (Chrono Boost)  
  66  5:54  Probe  
  66  5:56  Pylon, Probe  
  69  6:03  Sentry  
  71  6:06  Pylon, Probe, Stalker  
  71  6:11  Probe  
  75  6:13  Pylon  
  75  6:16  Stalker  
  75  6:17  Pylon  
  77  6:24  Probe  
  78  6:33  Probe  
  78  6:34  Colossus (Chrono Boost)  
  78  6:36  Probe  
  86  6:45  Probe  
  87  6:53  Probe  
  87  6:59  Probe  
  88  7:02  Stalker x3  
  88  7:03  Protoss Ground Weapons Level 2 (Chrono Boost)  
  88  7:07  Probe  
  95  7:10  Pylon  
  95  7:11  Pylon  
  95  7:15  Stalker  
  95  7:18  Probe  
  98  7:28  Nexus  
  83  7:40  Stalker x3  
  83  7:42  Probe  
  90  7:45  Colossus (Chrono Boost)  
  96  7:52  Nexus, Pylon  
  96  7:53  Probe  
  96  7:54  Stalker  
  96  7:55  Stalker x2  
  103  8:00  Gateway  
  103  8:06  Extended Thermal Lance  
  103  8:07  Stalker  
  103  8:09  Gateway  
  103  8:12  Stalker  
  107  8:15  Probe x2  
  108  8:30  Colossus (Chrono Boost)  
  108  8:33  Probe  
  115  8:38  Nexus  
  113  8:48  Stalker x2  
  113  8:49  Stalker x2  
  113  8:51  Probe  
  113  8:53  Pylon  
  122  9:02  Stalker  
  124  9:03  Probe x2  
  124  9:07  Charge, Pylon  
  126  9:16  Disruptor (Chrono Boost)  
  130  9:28  Probe  
  130  9:30  Probe  
  132  9:32  Photon Cannon  
  132  9:35  Shield Battery  
  132  9:37  Gateway  
  132  9:39  Zealot x5  
  132  9:40  Gateway  
  132  9:41  Gateway  
  142  9:46  Probe x2, Protoss Ground Weapons Level 3 (Chrono Boost)  
  144  9:58  Probe  
  145  10:01  Assimilator  
  145  10:06  Assimilator  
  145  10:09  Pylon  
  145  10:11  Shield Battery  
  145  10:14  Probe  
  145  10:17  Pylon  
  145  10:18  Gravitic Boosters  
  145  10:19  Disruptor  
  150  10:24  Probe  
  150  10:25  Pylon  
  150  10:28  Pylon  
  151  10:31  Robotics Facility, Forge  
  151  10:42  Probe  
  152  10:50  Probe  
  151  10:58  Disruptor  
  151  11:04  Stalker x5  
  165  11:12  Nexus  
  165  11:13  Protoss Shields Level 1 (Chrono Boost), Pylon  
  165  11:16  Pylon  
  165  11:25  Stalker x3  
  150  11:42  Colossus  
  142  11:50  Disruptor  
  146  12:04  Pylon  
  146  12:13  Stargate  
  146  12:16  Gateway x2  
  146  12:17  Stargate, Photon Cannon  
  146  12:18  Pylon, Gateway  
  146  12:19  Photon Cannon  
  146  12:20  Pylon  
  146  12:22  Shield Battery x2, Gateway  
  146  12:23  Probe x2  
  146  12:24  Photon Cannon  
  146  12:25  Disruptor (Chrono Boost)  
  146  12:26  Photon Cannon  
  146  12:28  Templar Archives  
  152  12:32  Pylon  
  152  12:34  Pylon  
  152  12:35  Stalker, Observer  
  152  12:36  Stalker x2  
  159  12:38  Stalker x2  
  159  12:43  Assimilator  
  163  12:44  Assimilator  
  157  12:53  Psionic Storm  
  157  12:55  Zealot x3  
  163  12:59  Immortal (Chrono Boost)  
  171  13:07  Immortal (Chrono Boost)  
  171  13:10  Fleet Beacon  
  171  13:15  Probe x3  
  160  13:30  Colossus  
  164  13:37  High Templar  
  164  13:39  Colossus  
  172  13:47  Pylon  
  172  13:51  Pylon  
  172  13:57  Protoss Shields Level 2 (Chrono Boost)  
  172  13:59  Photon Cannon  
  172  14:02  Protoss Air Weapons Level 1 (Chrono Boost), Pylon  
  172  14:05  Assimilator  
  172  14:06  High Templar x2  
  172  14:08  Assimilator, Protoss Ground Armor Level 1 (Chrono Boost)  
  176  14:24  High Templar  
  178  14:32  High Templar  
  178  14:36  Nexus  
  178  14:38  Pylon, Dark Shrine  
  180  14:39  Warp Prism (Chrono Boost)  
  180  14:42  Tempest (Chrono Boost)  
  180  14:45  Pylon  
  182  14:51  Tempest (Chrono Boost)  
  186  14:56  Pylon  
  186  14:58  Zealot x6  
  186  14:59  Photon Cannon  
  199  15:21  Oracle  
  197  15:26  Nexus  
  197  15:28  Pylon  
  200  15:30  Assimilator  
  200  15:31  Gravitic Drive  
  200  15:32  Pylon  
  200  15:33  Assimilator  
  200  15:45  Shield Battery  
  200  15:46  Shield Battery  
  200  15:49  Shield Battery  
  200  15:50  Shield Battery x2  
  200  15:54  Photon Cannon  
  200  16:19  Nexus  
  200  16:22  Assimilator  
  200  16:24  Assimilator  
  200  16:28  Pylon  
  200  16:30  Pylon  
  200  16:39  Gateway x2  
  200  16:41  Gateway  
  200  16:42  Gateway  
  200  16:46  Tempest x2 (Chrono Boost)  
  192  16:48  Pylon  
  192  16:50  Pylon  
  192  16:57  Protoss Shields Level 3 (Chrono Boost)  
  192  16:58  Protoss Air Weapons Level 2 (Chrono Boost)  
  178  17:07  Stargate  
  178  17:08  Stargate  
  178  17:11  Cybernetics Core  
  178  17:13  Unknown  
  178  17:20  Shadow Stride (Chrono Boost)  
  178  17:21  Tempest x2 (Chrono Boost)  
  178  17:22  Photon Cannon  
  186  17:23  Photon Cannon  
  186  17:24  Dark Templar x3  
  186  17:26  Photon Cannon  
  186  17:28  Photon Cannon  
  192  17:31  Shield Battery  
  192  17:33  Shield Battery, High Templar  
  192  17:34  Photon Cannon  
  192  17:36  Photon Cannon  
  194  17:38  Shield Battery  
  194  17:56  Tempest (Chrono Boost)  
  194  18:04  High Templar x4  
  194  18:40  Gateway  
  194  18:43  Gateway, High Templar  
  194  18:44  Stalker x2  
  200  18:53  Protoss Air Armor Level 1 (Chrono Boost)  
  197  19:46  Tempest  
  199  19:53  Tempest (Chrono Boost)  
  195  20:03  Carrier (Chrono Boost)  
  183  20:09  Zealot x4  
  183  20:10  Zealot x7  
  183  20:11  Zealot  
  183  20:13  Disruptor (Chrono Boost)  
  177  20:14  Carrier (Chrono Boost)  
  175  20:21  Tempest (Chrono Boost)  
  175  20:23  Disruptor (Chrono Boost)  
  175  20:30  Protoss Air Weapons Level 3 (Chrono Boost)  
  179  20:37  High Templar, Stalker x2  
  179  20:38  Stalker x3, Zealot x2, Protoss Ground Armor Level 2  
  179  20:39  Zealot x2  
  197  21:07  Gateway  
  197  21:08  Gateway  
  197  21:12  Pylon  
  197  21:13  Pylon  
  197  21:14  Oracle  
  200  21:25  Nexus  
  200  21:29  Assimilator  
  200  21:31  Assimilator  
  196  21:33  Pylon  
  196  21:35  Pylon  
  196  21:36  Pylon  
  196  21:39  Tempest (Chrono Boost)  
  200  21:57  Photon Cannon x2  
  200  22:00  Photon Cannon  
  200  22:02  Photon Cannon  
  200  22:04  Shield Battery  
  200  22:05  Shield Battery  
  200  22:07  Shield Battery  
  200  22:08  Shield Battery, Stargate  
  200  22:10  Stargate  
  200  22:12  Stargate  
  200  22:24  Photon Cannon  
  200  22:25  Photon Cannon  
  200  22:26  Shield Battery  
  200  22:28  Pylon  
  200  22:35  Pylon  
  200  22:38  Pylon  
  200  22:41  Pylon  
  187  22:48  Pylon  
  187  22:49  Probe  
  187  22:57  Archon x2  
  181  23:01  Stalker x6  
  181  23:02  Stalker x4  
  184  23:06  Zealot x5  
  184  23:07  Zealot x3  
  184  23:11  Carrier  
  193  23:15  Tempest x2  
  199  23:38  Pylon  
  199  23:39  Pylon  
  199  23:43  Observer  
  199  23:45  Stalker x2  
  199  23:47  Probe x2  
  199  23:48  Probe x3  
  172  23:59  Probe  
  172  24:00  Probe  
  158  24:10  Stalker x3  
  158  24:11  Stalker  
  158  24:12  Probe x2  
  168  24:19  Photon Cannon  
  180  24:25  Pylon  
  194  24:51  Stalker x2  
  195  24:53  Stalker x2  
Tags
 
Add a new tag
Caveats
  • Supply blocks, unpowered buildings, or Contaminate may cause inaccurate times.
  • Supply counts are checked every 10 seconds.